Match 41163652
Unlisted

Match 41163652
End
Royal Engineer Section
Construct Section Command Post
Infantry Section
Infantry Section
Infantry Section
Selects Canadian Shock Battlegroup
Selects Attacking Spirit
Infantry Section
Construct Platoon Command Post
Construct Field Infirmary
6-pounder Anti-tank Gun Team
Infantry Training
Grenade Package
Team Weapon Training
Selects Incendiary Munitions
Unlock M3 Stuart Light Tanks
Selects Pyrotechnics
M3 Stuart Light Tank
Selects Canadian Shock Section
Infantry Section
6-pounder Anti-tank Gun Team
Selects Churchill Crocodile Heavy Tank
Churchill Crocodile Heavy Tank
Selects Point Assault
Orangepest
Thien
0
0

Comments sign in to comment!

No comments posted yet!